 Dungeon Crawl Stone Soup version 0.21.1-1-g345015f (webtiles) character file.

16 johnjohn the Caller (level 2, -1/15 HPs)
             Began as a Deep Elf Summoner on June 24, 2018.
             Slain by a worm (6 damage)
             ... on level 2 of the Dungeon.
             The game lasted 00:07:08 (1837 turns).

johnjohn the Caller (Deep Elf Summoner)             Turns: 1837, Time: 00:07:08

Health: -1/15      AC:  6    Str:  5    XL:     2   Next: 37%
Magic:  8/8        EV:  6    Int: 19    God:
Gold:   83         SH:  0    Dex: 15    Spells: 6/7 levels left

rFire    . . .     SeeInvis .   j - -1 short sword
rCold    . . .     Gourm    .   (no shield)
rNeg     . . .     Faith    .   h - +0 scale mail
rPois    .         Spirit   .   (no helmet)
rElec    .         Reflect  .   (no cloak)
rCorr    .         Harm     .   (no gloves)
MR       .....                  (no boots)
Stlth    +.........             (no amulet)
HPRegen  0.05/turn              (no ring)
MPRegen  0.11/turn              (no ring)

@: very slightly contaminated
A: no striking features
a: no special abilities


You were on level 2 of the Dungeon.
You were hungry.

You visited 1 branch of the dungeon, and saw 2 of its levels.

You collected 83 gold pieces.

Inventory:

Hand Weapons
 j - a -1 short sword (weapon)
Missiles
 f - 4 poisoned needles
Armour
 a - a +0 robe
 h - a +0 scale mail (worn)
Jewellery
 g - a cursed ring of loudness {unknown}
Scrolls
 d - a scroll of teleportation {unknown}
 e - a scroll of remove curse
Potions
 i - a potion of haste {unknown}
 k - 2 potions of heal wounds {unknown}
 l - a potion of cancellation {unknown}
 n - a potion of flight {unknown}
 o - a potion of brilliance {unknown}
 p - a potion of lignification {unknown}
Books
 b - a book of Callings

   Spells                             Type                      Level
   a - Summon Small Mammal            Summoning                    1
   b - Call Imp                       Summoning                    2
   c - Call Canine Familiar           Summoning                    3
   d - Summon Guardian Golem          Hexes/Summoning              3
   e - Summon Lightning Spire         Summoning/Air                4
   f - Summon Ice Beast               Ice/Summoning                4
Comestibles
 c - 4 rations


   Skills:
 + Level 0.4 Short Blades
 + Level 2.6 Dodging
 + Level 2.4 Stealth
 + Level 0.1 Unarmed Combat
 * Level 3.2 Spellcasting
 + Level 4.8 Summonings


You had 6 spell levels left.
You knew the following spells:

 Your Spells              Type           Power        Failure   Level  Hunger
a - Summon Small Mammal   Summ           ###.         47%         1    None


Dungeon Overview and Level Annotations

Branches:
Dungeon (2/15)

Altars:
Trog


Message History

There is a stone staircase leading up here.
You hit the worm.
The worm is heavily wounded.
You hit the worm.
The worm is severely wounded.
The worm bites you but does no damage.
You barely miss the worm.
The worm is severely wounded.
The worm barely misses you.
You barely miss the worm.
The worm is heavily wounded.
You hit the worm but do no damage.
The worm is heavily wounded.
The worm bites you.
You hit the worm.
The worm is almost dead.
You hit the worm but do no damage.
The worm is almost dead.
The worm bites you.
You die...

.###.######..........#
.................###.#########
........##.....#.# #.........#
####.##.##.#.#.#.################
#.##.##........# ###.).
#.##.#.........# ##.)...
#.##...........#########.).._.
#............w........##......
#####........@..#######....###
##..........# #...##y#
##.........### #....###
#.###.#.....# #....... #.#
#.#.....## ##...... #.#
#.#......# ##..... #.#
#.#......#########.# #.#
#.#.........w...##.# ...
.........######....#


You could see a worm.

Vanquished Creatures
  A dart slug (D:1)
  A bat (D:1)
  A giant cockroach (D:1)
  4 rats (D:2)
7 creatures vanquished.

Vanquished Creatures (collateral kills)
  A goblin (D:1)
  2 hobgoblins (D:1)
  2 bats (D:1)
  4 kobolds (D:1)
  A rat (D:2)
10 creatures vanquished.

Grand Total: 17 creatures vanquished

Notes
Turn   | Place    | Note
-------+----------+-------------------------------------------
     0 | D:1      | johnjohn the Deep Elf Summoner began the quest for the Orb.
     0 | D:1      | Reached XP level 1. HP: 10/10 MP: 6/6
  1082 | D:1      | Reached XP level 2. HP: 14/15 MP: 8/8
  1453 | D:2      | Noticed a moth of wrath
  1456 | D:2      | Found a bloodstained altar of Trog.
  1837 | D:2      | Slain by a worm

Action                   || total
-------------------------++-------
Melee: Unarmed           ||    26
       Short sword       ||    54
 Cast: Summon Small Mamm ||    12
  Use: Scroll            ||     1
  Eat: Chunk             ||     2
Armor: Scale mail        ||    52
Dodge: Dodged            ||    28
